Map: [ESL] Equilibrium

Players

Oliveira

  • Race: Terran Terran
  • Spawn Location: 1:00

Elazer - Winner!

  • Race: Zerg Zerg
  • Spawn Location: 11:00

Event: ESL SC2 Masters 2023 Winter (Finals)

VOD

Have the link to the VOD?

Description

Time

  • Played on: Dec. 16, 2023, 9:19 a.m.
  • Length: 17:22

All games in this series

Show
View Real Time Build Order
Export as new Build Order

Oliveira Terran 

Build Orders:  

Get SALT Encoding   

  12  0:00  SCV  
  13  0:12  SCV  
  14  0:20  Supply Depot  
  14  0:24  SCV  
  15  0:42  Barracks, SCV  
  16  0:47  Refinery  
  16  0:54  SCV  
  17  1:02  Barracks  
  17  1:06  SCV  
  18  1:18  SCV  
  19  1:31  Reaper  
  19  1:32  Orbital Command  
  20  1:34  Supply Depot  
  20  1:50  Reaper  
  21  1:57  SCV  
  22  2:07  Reaper  
  23  2:10  SCV  
  23  2:14  Command Center  
  24  2:21  Refinery  
  24  2:22  SCV  
  25  2:25  Reaper  
  26  2:34  SCV  
  26  2:37  Bunker  
  27  2:46  Barracks Reactor, SCV  
  28  2:57  Barracks Tech Lab  
  28  2:58  SCV  
  29  3:10  SCV  
  30  3:16  Command Center  
  30  3:20  Factory  
  30  3:32  Stimpack, Orbital Command  
  30  3:34  Marine  
  30  3:38  Marine  
  30  3:39  Marine  
  32  3:52  Marine  
  32  3:53  SCV  
  30  3:56  Marine  
  30  3:58  Marine  
  30  3:59  SCV  
  33  4:05  SCV  
  33  4:07  Starport, Factory Reactor  
  34  4:10  Marine  
  34  4:11  SCV  
  34  4:14  Marine  
  34  4:15  Marine  
  38  4:17  SCV  
  38  4:23  SCV  
  40  4:28  Orbital Command, Marine  
  40  4:30  SCV  
  42  4:31  Marine  
  42  4:37  Supply Depot  
  42  4:38  SCV  
  45  4:42  SCV  
  45  4:44  Hellion x2  
  50  4:45  Marine  
  50  4:47  Medivac  
  50  4:48  Marine  
  50  4:50  SCV  
  54  4:54  SCV x2  
  54  4:57  Marine, Supply Depot  
  57  5:03  SCV  
  57  5:06  Hellion, SCV  
  61  5:09  Hellion  
  61  5:11  Combat Shield  
  63  5:14  Armory  
  63  5:17  Medivac, Marine  
  63  5:19  SCV  
  63  5:20  SCV  
  69  5:21  SCV  
  69  5:22  Marine  
  69  5:28  Hellion  
  72  5:31  Hellion  
  72  5:32  Supply Depot  
  72  5:35  Engineering Bay  
  74  5:37  SCV  
  74  5:38  Engineering Bay, Marine  
  74  5:39  SCV  
  77  5:47  Refinery  
  77  5:48  Refinery  
  77  5:49  Starport Reactor  
  77  5:53  Marine x2  
  77  5:54  Orbital Command, Barracks  
  77  5:55  SCV  
  77  5:57  SCV  
  81  5:59  Supply Depot  
  81  6:00  Factory Tech Lab  
  75  6:17  Marine  
  71  6:19  Marine x2  
  71  6:23  SCV  
  71  6:25  SCV  
  70  6:26  Terran Infantry Weapons Level 1, Terran Infantry Armor Level 1  
  70  6:27  SCV  
  70  6:29  Siege Tank  
  66  6:35  Marine  
  66  6:36  Marine  
  66  6:37  Marine, SCV x2  
  66  6:39  Medivac x2, Barracks  
  75  6:42  Barracks, SCV  
  75  6:45  Marine x2  
  78  6:49  SCV x2  
  78  6:51  Supply Depot  
  78  6:53  Marine  
  81  6:56  Marine  
  81  6:58  SCV  
  84  7:01  Marine, SCV x2  
  84  7:03  Siege Tank  
  84  7:05  Factory  
  84  7:06  Marine  
  90  7:09  Marine  
  90  7:10  SCV  
  90  7:13  SCV x2  
  90  7:14  Refinery  
  90  7:15  Supply Depot  
  94  7:16  Marine, Supply Depot  
  94  7:18  Marine  
  94  7:19  Marine  
  94  7:22  SCV  
  98  7:23  Drilling Claws  
  98  7:25  SCV  
  98  7:26  Barracks Reactor  
  98  7:28  SCV  
  98  7:29  Barracks Reactor  
  100  7:31  Marine  
  100  7:36  Command Center, Marine x2, SCV  
  104  7:37  Siege Tank  
  104  7:39  Marine, SCV  
  109  7:47  Marine  
  109  7:51  Marine  
  107  7:53  Medivac x2, Factory Reactor, SCV  
  107  7:54  Marine  
  107  7:58  Marine x2  
  115  8:00  SCV x2  
  115  8:01  Supply Depot  
  117  8:12  Marine x7, Supply Depot  
  124  8:15  Barracks, Marine  
  124  8:17  Barracks  
  124  8:18  Barracks  
  125  8:23  Siege Tank  
  125  8:35  Marine x2  
  125  8:36  Marine x4  
  125  8:38  Widow Mine x2  
  134  8:44  Marine x2  
  134  8:45  Liberator x2  
  134  8:46  Terran Infantry Armor Level 2, Terran Infantry Weapons Level 2  
  134  8:47  SCV x2  
  141  8:51  Marine  
  141  8:52  Refinery, Marine  
  141  8:54  Marine, Supply Depot  
  144  8:56  Supply Depot  
  144  8:59  Marine  
  144  9:00  Marine  
  144  9:02  Marine  
  147  9:04  Siege Tank  
  147  9:07  Widow Mine x2  
  147  9:09  Barracks Tech Lab x3  
  152  9:11  SCV  
  152  9:14  Marine  
  152  9:17  Marine x2  
  154  9:18  Marine  
  154  9:19  Marine, Marauder  
  154  9:21  Supply Depot  
  154  9:23  Sensor Tower  
  160  9:26  Terran Vehicle Weapons Level 1  
  160  9:33  Marine x2, Marauder  
  160  9:35  Marine  
  160  9:40  Marine x2, Marauder  
  160  9:41  Siege Tank  
  160  9:42  Widow Mine x2  
  168  9:45  Supply Depot  
  168  9:51  Marine  
  156  9:56  Planetary Fortress  
  156  9:58  Marine x3, Marauder  
  158  10:02  Medivac x2  
  158  10:03  Marine x2  
  158  10:05  Supply Depot  
  158  10:07  Marine  
  164  10:08  Marine x2, Marauder  
  169  10:16  Marine x2, Marauder  
  169  10:17  Siege Tank  
  169  10:18  Widow Mine x2  
  169  10:20  SCV x2  
  173  10:23  Supply Depot  
  173  10:26  Marine x2  
  175  10:28  Marine x2  
  175  10:29  Marauder, Marine  
  175  10:34  Marine x2, Marauder  
  175  10:35  Concussive Shells  
  184  10:36  Medivac  
  184  10:41  Marine  
  187  10:43  Marine x2  
  189  10:56  Marine  
  189  10:57  Marine x3, Marauder x2  
  188  10:58  Marine  
  196  11:09  Marine  
  196  11:10  Marine x2, Marauder  
  155  11:14  Marine x2  
  155  11:15  Marine x2  
  155  11:16  Marine  
  155  11:17  Widow Mine, Siege Tank  
  155  11:18  Widow Mine  
  154  11:19  Liberator x2, Marauder x2  
  164  11:26  Terran Infantry Weapons Level 3  
  164  11:27  Marine  
  163  11:35  Terran Infantry Armor Level 3  
  163  11:39  Marine x2, Marauder  
  167  11:40  Command Center  
  167  11:41  Widow Mine  
  163  11:47  Marine, Marauder  
  163  11:53  Marine  
  139  11:54  Siege Tank  
  139  11:55  Marine x3, Widow Mine  
  139  11:56  Marauder  
  149  12:03  Ghost Academy  
  149  12:06  Marine  
  149  12:07  SCV x2  
  146  12:11  Marine  
  146  12:12  Missile Turret, Marine  
  146  12:13  Marine, Marauder  
  146  12:14  Medivac, Widow Mine  
  155  12:16  Medivac  
  155  12:17  Marine  
  155  12:21  Marine, Marauder  
  161  12:23  Widow Mine  
  161  12:29  Marine  
  164  12:33  Marine  
  142  12:39  Marine  
  142  12:40  Marine x3  
  142  12:42  Marine  
  142  12:43  Marine  
  138  12:45  Medivac  
  138  12:47  Widow Mine x2, Marine  
  138  12:48  SCV x2  
  147  12:52  Ghost x3  
  143  12:58  Ghost  
  143  13:04  Refinery x2, SCV x3  
  148  13:07  SCV  
  149  13:14  Sensor Tower  
  149  13:16  Siege Tank, SCV x2  
  156  13:20  Widow Mine x2, Ghost  
  156  13:24  SCV  
  161  13:31  Ghost  
  161  13:32  Planetary Fortress  
  163  13:34  SCV  
  163  13:35  Unknown, SCV  
  163  13:37  Medivac  
  163  13:39  SCV  
  168  13:42  Terran Vehicle Weapons Level 2  
  168  13:48  Ghost  
  169  13:51  Widow Mine, SCV  
  173  13:57  Siege Tank  
  173  13:58  Widow Mine  
  173  14:02  Ghost  
  178  14:03  Command Center  
  178  14:08  Liberator  
  183  14:15  Factory  
  183  14:20  Missile Turret  
  183  14:22  Missile Turret  
  183  14:23  Missile Turret  
  182  14:32  Siege Tank  
  182  14:35  Ghost x2  
  189  14:40  Sensor Tower, Missile Turret  
  189  14:46  Widow Mine x2  
  189  14:47  Ghost  
  189  14:52  Ghost  
  186  14:53  Liberator x2  
  182  15:00  Missile Turret  
  182  15:04  Factory Tech Lab  
  182  15:06  Personal Cloaking  
  182  15:07  Siege Tank  
  154  15:24  Siege Tank  
  154  15:25  Ghost  
  154  15:26  Marine x2  
  142  15:29  Marine  
  142  15:31  Widow Mine  
  137  15:37  Marine x2  
  137  15:39  Siege Tank  
  137  15:41  Ghost  
  141  15:44  Marine  
  141  15:45  Medivac  
  141  15:46  Medivac, Marine, Widow Mine, Ghost  
  141  15:47  Marine x2  
  141  15:48  Marine  
  141  15:49  Marine  
  148  15:53  Widow Mine  
  151  15:59  Siege Tank  
  151  16:00  Command Center, Missile Turret  
  151  16:02  Command Center  
  151  16:03  Missile Turret  
  151  16:04  Ghost x2  
  154  16:10  SCV  
  159  16:15  Ghost x2  
  159  16:17  Widow Mine, Siege Tank  
  159  16:18  Widow Mine  
  170  16:25  Marine  
  164  16:26  Marine  
  164  16:27  Marine  
  164  16:28  Marine  
  164  16:29  Marine x2  
  164  16:31  Marine, Siege Tank  
  164  16:32  Marine  
  153  16:33  Marine x2  
  147  16:43  Marine, Ghost  
  142  16:47  Ghost  
  142  16:49  Siege Tank  
  142  16:50  Widow Mine  
  151  16:54  Marine  
  151  16:55  Widow Mine  
Show
View Real Time Build Order
Export as new Build Order

Elazer Zerg - Winner!

Build Orders: Hatch First 

Get SALT Encoding   

  12  0:01  Drone  
  13  0:12  Overlord  
  13  0:17  Drone  
  14  0:31  Drone x2  
  16  0:48  Hatchery  
  15  0:51  Drone  
  15  0:55  Drone  
  17  0:58  Drone  
  18  1:09  Extractor  
  17  1:13  Spawning Pool  
  17  1:16  Drone  
  17  1:19  Drone  
  18  1:28  Drone  
  19  1:39  Drone  
  20  1:50  Drone  
  21  2:00  Queen x2  
  21  2:01  Zergling x4  
  27  2:11  Metabolic Boost, Drone  
  27  2:12  Overlord  
  28  2:31  Hatchery, Drone  
  28  2:32  Drone  
  28  2:34  Drone  
  30  2:38  Drone  
  31  2:44  Queen  
  33  2:52  Queen  
  33  2:54  Zergling x2  
  33  2:58  Overlord  
  36  3:02  Extractor  
  36  3:03  Extractor  
  36  3:04  Zergling x4  
  38  3:16  Zergling x2  
  38  3:17  Zergling x10  
  44  3:27  Overlord  
  44  3:33  Zergling x2  
  43  3:36  Queen  
  43  3:40  Zergling x2  
  43  3:42  Queen  
  43  3:43  Zergling x2  
  43  3:45  Queen  
  46  3:52  Drone x3  
  49  4:00  Drone x3  
  52  4:05  Overlord  
  52  4:07  Drone x3  
  56  4:10  Drone  
  56  4:11  Drone  
  56  4:15  Drone  
  58  4:29  Overlord  
  58  4:30  Drone x8  
  66  4:39  Overlord  
  66  4:50  Drone x3  
  66  4:51  Queen  
  66  4:52  Queen  
  73  4:53  Overlord  
  73  4:57  Queen, Drone  
  73  4:58  Drone x2  
  73  4:59  Drone x2  
  80  5:01  Drone  
  81  5:08  Extractor  
  81  5:09  Overlord  
  81  5:12  Hatchery  
  79  5:14  Drone x2  
  79  5:15  Drone x2  
  79  5:20  Drone x4  
  87  5:26  Overlord  
  87  5:29  Extractor  
  87  5:32  Zergling x2  
  87  5:33  Zergling x16  
  87  5:34  Zergling x2  
  95  5:43  Zergling x2  
  95  5:44  Overlord  
  95  5:45  Lair  
  95  5:49  Zergling x2  
  97  5:52  Queen x2  
  97  5:56  Overlord  
  100  6:01  Zergling x10  
  101  6:13  Zergling x16  
  98  6:18  Zergling x4  
  98  6:25  Zergling x4, Queen  
  91  6:27  Queen  
  91  6:28  Queen  
  91  6:31  Drone x4  
  97  6:36  Baneling Nest, Evolution Chamber  
  97  6:37  Evolution Chamber  
  97  6:39  Drone x6  
  100  6:44  Overlord  
  100  6:46  Drone x3  
  103  6:52  Zergling x2  
  103  7:02  Unknown, Drone x3  
  103  7:03  Zerg Ground Armor Level 1, Zerg Melee Weapons Level 1, Drone x2  
  103  7:05  Drone  
  108  7:10  Zergling x10  
  108  7:11  Overlord  
  108  7:12  Centrifugal Hooks  
  113  7:17  Overlord  
  113  7:19  Zergling x14  
  113  7:21  Burrow  
  113  7:22  Baneling x6  
  119  7:24  Zergling x4, Hatchery  
  119  7:29  Overlord  
  120  7:32  Baneling x5  
  120  7:39  Hatchery  
  120  7:41  Zergling x14  
  124  7:48  Zergling x18  
  131  7:53  Zergling x2  
  131  7:54  Zergling x8  
  131  7:58  Drone  
  137  8:00  Infestation Pit  
  137  8:02  Hydralisk Den, Drone x2  
  137  8:03  Spore Crawler  
  137  8:04  Baneling x6  
  137  8:05  Extractor  
  135  8:08  Overseer  
  135  8:09  Pneumatized Carapace  
  135  8:10  Overseer x2  
  135  8:15  Zergling x10  
  135  8:17  Baneling x4  
  140  8:28  Zergling x26  
  140  8:30  Grooved Spines  
  143  8:37  Zergling x14  
  143  8:44  Zergling x2  
  141  8:55  Drone  
  141  8:56  Drone x5  
  141  8:57  Drone  
  148  9:06  Drone x7  
  154  9:14  Baneling x4  
  154  9:15  Hydralisk x4, Baneling x10  
  154  9:16  Overlord  
  162  9:19  Extractor  
  162  9:20  Spore Crawler, Extractor  
  162  9:23  Drone x3  
  162  9:24  Drone x2  
  163  9:25  Overlord  
  163  9:26  Overlord  
  163  9:29  Overlord  
  161  9:32  Spore Crawler  
  161  9:33  Zergling x18  
  161  9:35  Muscular Augments  
  154  9:39  Queen  
  154  9:41  Drone x2  
  154  9:42  Drone x2  
  154  9:45  Hydralisk x6  
  155  9:56  Zergling x2  
  155  9:57  Zergling x28  
  166  10:07  Overlord  
  166  10:11  Zergling x18  
  171  10:16  Hydralisk  
  171  10:18  Zerg Ground Armor Level 2, Zerg Melee Weapons Level 2, Overlord x3  
  171  10:19  Hive  
  171  10:23  Spore Crawler  
  171  10:25  Spore Crawler  
  169  10:35  Baneling x19, Overlord x2  
  169  10:36  Zergling x32  
  169  10:41  Hatchery  
  184  10:48  Zergling x10  
  189  10:50  Zergling x8  
  193  10:57  Overlord  
  193  10:59  Baneling x12  
  193  11:00  Baneling x10  
  193  11:08  Zergling x28  
  166  11:15  Hydralisk x5  
  166  11:17  Hydralisk  
  170  11:26  Zergling x14  
  177  11:33  Adrenal Glands  
  177  11:36  Hydralisk x5  
  177  11:37  Ultralisk Cavern  
  177  11:39  Zergling x14  
  150  11:54  Zergling x24  
  150  11:57  Zergling x18  
  150  12:01  Baneling x12  
  165  12:05  Zergling x8  
  167  12:09  Zergling x6  
  167  12:14  Zergling x10  
  174  12:25  Drone x2  
  174  12:26  Chitinous Plating, Drone x6  
  155  12:38  Spore Crawler  
  155  12:40  Zergling x20  
  140  12:45  Zergling x18  
  140  12:47  Zergling x6  
  147  12:53  Zergling x4, Viper x2  
  155  13:06  Zergling x2  
  155  13:07  Zergling x16, Hatchery  
  155  13:10  Infestor x3  
  169  13:16  Zergling x2  
  170  13:20  Ultralisk  
  170  13:23  Overlord  
  175  13:28  Overseer  
  175  13:30  Baneling x11  
  175  13:33  Hydralisk x2  
  175  13:34  Hydralisk x3  
  175  13:35  Hydralisk  
  175  13:37  Zerg Missile Weapons Level 1  
  187  13:41  Baneling x10  
  187  13:45  Anabolic Synthesis  
  187  13:47  Ultralisk  
  193  13:54  Overlord  
  193  13:57  Zerg Ground Armor Level 3  
  193  14:05  Infestor  
  193  14:28  Zergling x2, Ultralisk  
  193  14:30  Infestor  
  197  14:43  Infestor x2  
  198  14:56  Baneling  
  198  14:57  Baneling x15  
  188  15:18  Zergling x8  
  188  15:19  Zergling x62  
  185  15:32  Zergling x16  
  175  15:46  Infestor  
  175  15:47  Infestor  
  175  15:48  Hydralisk  
  175  15:49  Hydralisk x6  
  171  15:57  Ultralisk x4  
  171  15:59  Zergling x6  
  171  16:02  Extractor  
  171  16:03  Hatchery, Extractor  
  195  16:04  Baneling x6  
  195  16:10  Hatchery  
  194  16:18  Zergling x12  
  194  16:28  Zergling x32  
  194  16:29  Zergling x2  
  190  16:37  Hydralisk x8  
  188  16:46  Zergling x34  
  195  16:48  Zergling x2  
Tags
 
Add a new tag
Caveats
  • Supply blocks, unpowered buildings, or Contaminate may cause inaccurate times.
  • Supply counts are checked every 10 seconds.